← All builds
Pond / Armada / Economy first / OBSERVED BUILD

Standard pond

Standard Pond play: fast Bot Lab and early boosting into Advanced Metal Extractor, sending Tick/Pawn/Blitz to front while tidal-boosting allies throughout.

#eco #team support · 448 distinct matches · 96 players · 59% of Armada Pond games · team won 50% of 510 · Recently observed

HOW TO PLAY IT

Key timing: Bot Lab by 5:42

  1. Open tidal, then wind to start boosting front's economy.
  2. Take mex and keep boosting wind or tidal depending on front's needs.
  3. Get a Bot Lab up, start sending Tick and Pawn to front.
  4. Add Advanced Metal Extractor to scale up team's economy.
  5. Switch to tick spam if enemy reaches T2 front before you do.

Phase by phase

TYPICAL OF ITS 448 GAMES
  1. 1
  2. 2
PLAY THE OPENING

Follow the example game's first 6:00 step by step: what to build now, what comes next, and where it goes. At 1× it keeps pace with your own game.

  1. 1

    Up to the Bot Lab

    Economy
    • Metal Extractor4Mex
    • Wind Turbine10Wind
    • Tidal Generator8Tidalfor allies
    • Tidal Generator1Tidal
    • Energy Storage1Energy storage
    Order
    1. Bot LabBot Lab after 4 mex, 10 wind, 1 energy storagedone ~5:40, middle half 3:31–7:01

    Some games also: converter (44%)

    By 5:10 in all: 4 mex · 10 wind · 1 tidal · 1 energy storage

    The example game in this phase · 6 steps
    1. Tidal ×8for Suicide front
    2. Tidal
    3. Mex ×3
    4. Energy storage
    5. Mex
    6. Bot LabBot Labdone 3:03 · typical 5:40
  2. 2

    Bot Lab to 10:00

    Economy
    • Wind Turbine16Wind
    Builders
    • Construction Turret1 Con turret
    • Construction Bot2 Con bot

    Some games also: tick (49%) · Lazarus (48%) · converter (43%)

    By 10:00 in all: 4 mex · 31 wind · 1 tidal · 4 converter · 1 energy storage · 2 con turret

    The example game in this phase · 83 steps
    1. LazarusLazarus
    2. Construction BotCon bot ×2
    3. LazarusLazarus
    4. Wind
    5. Energy storage
    6. Wind ×14
    7. Converter
    8. Wind
    9. Converter ×2
    10. Wind
    11. Converter
    12. Wind
    13. Converter
    14. Wind
    15. Converter
    16. Wind ×3
    17. SentrySentry
    18. Wind ×4
    19. Converter
    20. Advanced Metal ExtractorT2 mexdone 7:59 · typical 9:56
    21. Wind
    22. Con turret
    23. SentrySentry
    24. Wind
    25. SentrySentry ×2
    26. Wind
    27. Con turret
    28. Advanced Metal ExtractorT2 mex
    29. SentrySentry ×2
    30. Wind
    31. SentrySentry
    32. Wind ×2
    33. SentrySentry
    34. Wind
    35. SentrySentry ×2
    36. Wind
    37. SentrySentry
    38. Wind
    39. SentrySentry
    40. Advanced Metal ExtractorT2 mex
    41. Wind ×6
    42. Advanced Metal ExtractorT2 mex
    43. Con turret
    44. Converter
    45. Bot LabBot Labnot finished by 15:00
    46. Converter ×6
    47. Con turret ×2
    48. Aircraft PlantAircraft Plantdone 11:23
    49. Fusion ReactorFusiondone 14:03
    50. NettleNettle
    51. FalconFighter
    52. BansheeBanshee ×5
    53. NettleNettle
    54. BansheeBanshee ×2
    55. FalconFighter ×2
    56. NettleNettle
    57. FalconFighter ×10
    58. Mexfor Suicide front
    59. FalconFighter ×8
    60. Con turret
    61. Construction AircraftCon aircraft
    62. Con turret
    63. Mex
    64. Construction AircraftCon aircraft
    65. Con turret
    66. Construction AircraftCon aircraft
    67. Converter
    68. Construction AircraftCon aircraft
    69. Con turret
    70. Converter ×2
    71. Wind
    72. Construction AircraftCon aircraft
    73. Con turret ×3
    74. Wind
    75. Construction AircraftCon aircraft
    76. Con turret
    77. Wind
    78. Construction AircraftCon aircraft
    79. Converter
    80. Con turret
    81. Wind ×5
    82. Converter
    83. Wind

Counts are medians over the build's games: half of them build more, half fewer. The example game is UsurpeR's (43 OS, 21/09/2026); pick another.

Team trades

IN AT LEAST 30% OF ITS GAMES

You hand over

  • Tidal Generator8 Tidal to Suicide front or Frontfirst at 0:10 · in 90% of games

You get

  • Hercules1 Light transport from Air or Techfirst at 4:26 · in 31% of games
  • Hephaestus1 Heavy transport from Air or Techfirst at 4:41 · in 38% of games
  • Fatboy1 Fatboy from Techfirst at 4:59 · in 40% of games
  • Sharpshooter2 Sniper bot from Techfirst at 5:15 · in 42% of games
  • Advanced Construction Bot1 T2 con bot from Techfirst at 8:17 · in 92% of games

How it plays out

Typical game of this build, running totals by minute

Metal produced

010k20k
0:005:0010:0015:00

metal

Enemy metal destroyed

02k4k6k
0:005:0010:0015:00

metal

Own metal lost

02k4k
0:005:0010:0015:00

metal

510 games.

Show as table
ByMetal produced: This buildEnemy metal destroyed: This buildOwn metal lost: This build
1:0011500
2:0027300
3:0081700
4:00151000
5:00223100
6:00298500
7:0038414800
8:0047421276148
9:0056932025379
10:0068722865720
11:00833433171188
12:001029036841616
13:001259342621966
14:001491447802454
15:001745653243030
WHAT THE NUMBERS SAY

This is the role's standard support job, winning slightly under half its games while contributing modest kills for modest losses.

  • + Keeps own losses fairly low relative to kills (2827 destroyed vs 756 lost by 10:00).
  • + Reaches T2 constructor reliably (89% of games) by 8:10.
  • − Metal production trails other roles at 6855 by 10:00.
  • − No kills registered by 5:00, slow to impact the fight.
THE EXAMPLE YOU ARE READING

UsurpeR

42.8 OS · 21/09/2026

Open source match ↗

7 received units · includes a constructor
97 metal received · 41479 energy received

Allied construction assistance is unknown. Timings are observations, not a promise of solo reproducibility.

Typical milestones

Bot Lab5:40Middle 50%: 3:31–7:01 · n=459
Advanced Metal Extractor9:56Middle 50%: 9:01–10:38 · n=460

Played most by

Viltrum41games of this buildTeaner35games of this buildUsurpeR24games of this buildzeus_on_god24games of this buildRogShotz20games of this build